 Dungeon Crawl Stone Soup version 0.29.1-2-gbd0b4ee654 (webtiles) character file.

Game seed: 11159071433729863127

79 jamesblauser the Digger (level 4, -7/33 HPs)
             Began as a Draconian Earth Elementalist on Nov 6, 2022.
             Was a Believer of Uskayaw.
             Killed by divine providence
             ... invoked by an orc priest
              (9 damage)
             ... on level 4 of the Dungeon.
             The game lasted 00:17:22 (2899 turns).

jamesblauser the Digger (DrEE)                      Turns: 2899, Time: 00:17:23

Health: -7/33      AC:  5    Str: 10    XL:     4   Next: 16%
Magic:  8/8        EV: 10    Int: 21    God:    Uskayaw [**....]
Gold:   128        SH:  7    Dex: 14    Spells: 2/8 levels left

rFire   . . .      SeeInvis .   b - +1 hand axe
rCold   . . .      Faith    .   e - +0 kite shield
rNeg    . . .      Spirit   .   (body armour unavailable)
rPois   .          Reflect  .   (helmet restricted)
rElec   .          Harm     .   (no cloak)
rCorr   .          Rampage  .   (no gloves)
Will    .....                   (no boots)
Stlth   ++........              (no amulet)
HPRegen 0.11/turn               c - +6 ring of intelligence
MPRegen 0.11/turn               d - ring of flight

@: flying
A: AC +5, unfitting armour, cold-blooded
a: Renounce Religion, Stomp, Line Pass


You were on level 4 of the Dungeon.
You worshipped Uskayaw.
Uskayaw was noncommittal.
You visited 1 branch of the dungeon, and saw 4 of its levels.

You collected 128 gold pieces.

Inventory:

Hand Weapons
 b - a +1 hand axe (weapon)
Armour
 e - a +0 kite shield (worn)
 g - a scarf of invisibility
Jewellery
 c - a +6 ring of intelligence (left hand)
 d - a ring of flight (right hand)
Scrolls
 f - a scroll of blinking
Potions
 a - a potion of magic
 i - a potion of heal wounds
 j - a potion of lignification {unknown}


   Skills:
 + Level 0.7 Axes
 + Level 2.1 Dodging
 + Level 2.0 Stealth
 + Level 0.1 Shields
 + Level 2.8 Spellcasting
 + Level 1.0 Transmutations
 + Level 4.0 Earth Magic


You had 2 spell levels left.
You knew the following spells:

 Your Spells              Type           Power      Damage    Failure   Level
a - Sandblast             Erth           38%        2d10      9%          1
b - Stone Arrow           Conj/Erth      22%        3d8       54%         3
c - Sublimation of Blood  Necr           2%         N/A       58%         2

Your spell library contained the following spells:

 Spells                   Type           Power      Damage    Failure   Level
 Passwall                 Tmut/Erth      10%        N/A       26%         2
 Wereblood                Tmut           7%         N/A       43%         2
 Inner Flame              Hex/Fire       2%         N/A       82%         3
 Petrify                  Tmut/Erth      13%        N/A       86%         4
 Cause Fear               Hex            1%         N/A       99%         4
 Summon Hydra             Summ           1%         N/A       100%        7
 Discord                  Hex            1%         N/A       100%        8


Dungeon Overview and Level Annotations

Branches:
Dungeon (4/15)
 Temple: D:4-7

Altars:
Uskayaw

Shops:
D:3 =

Annotations:
D:4 Robin


Innate Abilities, Weirdness & Mutations

Your plain brown scales are hard. (AC +5)
You cannot fit into any form of body armour.
You are cold-blooded and may be slowed by cold attacks.


Message History

You block the orc wizard's attack.
You barely miss the orc. You tail-slap the orc.
The orc is almost dead.
You hit the orc wizard but do no damage.
A goblin comes into view. It is wielding a +0 club.
A hobgoblin comes into view.
The orc priest calls down the wrath of Beogh upon you.
Beogh smites you!
* * * LOW HITPOINT WARNING * * *
The orc hits you with a +0 dagger.
* * * LOW HITPOINT WARNING * * *
You block the orc's attack.
The orc wizard hits you with a +0 dagger.
* * * LOW HITPOINT WARNING * * *
The orc attacks as you move away! The orc hits you but does no damage.
The orc wizard gestures wildly while chanting.
The orc wizard flickers and vanishes!
Deactivating autopickup; reactivate with Ctrl-A.
Okay, then.
As you read the scroll of summoning, it crumbles to dust.
Wisps of shadow whirl around you... Something closely misses your adder.
You block the orc's attack.
The orc wizard hits your adder with a +0 dagger.
You swap places.
Your adder closely misses the orc wizard.
Your quokka barely misses the orc.
The orc hits your quokka with a +0 dagger.
The orc wizard hits your adder with a +0 dagger.
Something hits your adder.
You swap places.
Your quokka bites the orc.
The orc dies!
The orc wizard points at you and mumbles some strange words.
The puff of flame hits your kobold!
Your kobold dies!
Your kobold's corpse dissolves into shadows!
Your adder bites something.
Robin of the Strong Arm comes into view.
They are wielding a +0 spear.
The orc priest calls down the wrath of Beogh upon you.
Beogh smites you!
You die...

#...... #g.....
#...... .......
......o ....g.g##
#....oo{# #S####
#r@.[#######
####.......#
##......+ ##
#......# #.
#......# #.
###.##.# #####.
.######.##.##...)#.
..........†...##.#.
########..##..##...


You could see Robin, an orc priest, an orc wizard (ally target), an orc, a
hobgoblin, a goblin, a friendly adder (summoned) and a friendly quokka
(summoned).

Vanquished Creatures
  A worm (D:2)
  3 dart slugs
  7 orcs
  6 ball pythons
  4 endoplasms
  A giant cockroach (D:2)
  8 goblins
  4 hobgoblins
  A quokka (D:2)
  10 bats
  4 frilled lizards
  3 kobolds
  9 rats
61 creatures vanquished.

Vanquished Creatures (collateral kills)
  An orc (D:4)
1 creature vanquished.

Vanquished Creatures (others)
  2 withered plants (D:1)
2 creatures vanquished.

Grand Total: 64 creatures vanquished

Notes
Turn   | Place    | Note
-------+----------+-------------------------------------------
     0 | D:1      | jamesblauser the Draconian Earth Elementalist began the
                  | quest for the Orb.
     0 | D:1      | Reached XP level 1. HP: 14/14 MP: 3/3
   229 | D:1      | Found a faded altar of an unknown god.
   264 | D:1      | Reached XP level 2. HP: 20/20 MP: 3/5
   272 | D:1      | Prayed at the altar of an unknown god.
   272 | D:1      | Became a worshipper of Uskayaw the Reveller
   272 | D:1      | Reached * piety under Uskayaw
   963 | D:2      | Reached ** piety under Uskayaw
  1288 | D:2      | Found a hide-covered altar of Uskayaw.
  1546 | D:2      | Reached XP level 3. HP: 26/26 MP: 3/6
  1609 | D:2      | Learned a level 3 spell: Stone Arrow
  2265 | D:3      | Learned a level 2 spell: Sublimation of Blood
  2326 | D:3      | Found Ytaseym's One-of-a-Kind Rings.
  2701 | D:4      | Reached skill level 4 in Earth Magic
  2702 | D:4      | Reached XP level 4. HP: 33/33 MP: 5/8
  2705 | D:4      | Reached *** piety under Uskayaw
  2709 | D:4      | Reached **** piety under Uskayaw
  2899 | D:4      | Noticed Robin
  2899 | D:4      | Killed from afar by an orc priest

Illustrated notes

Levels and vault maps discovered:
D:1:      amcnicky_arrival_single_pillar, layout_basic,
          ebering_ecumenical_altar_petrified
D:2:      layout_basic, basic_altar
D:3:      layout_rooms, moated_statue, skrybe_limestone_x, st_stairs_5,
          minivault_25, nicolae_shop_unique_rings
D:4:      layout_basic, uniq_robin

Skill      XL: |  1  2  3 |
---------------+----------+-----
Dodging        | 2 |  2.1
Stealth        | 2 |  2.0
Earth Magic    | 4 |  4.0
Axes           | |  0.7
Shields        | |  0.1
Spellcasting   | |  2.8
Transmutations | |  1.0

Action                   |  1- 3 |  4- 6 || total
-------------------------+-------+-------++-------
Melee: Hand axe          |    19 |    15 ||    34
       Tailslap          |     2 |     4 ||     6
 Cast: Sandblast         |    64 |     3 ||    67
       Stone Arrow       |     1 |       ||     1
Invok: Stomp             |     1 |       ||     1
  Use: Scroll            |     8 |     1 ||     9
       Potion            |     4 |       ||     4
 Stab: Paralysed         |       |     1 ||     1
Armor: Skin              |    15 |     3 ||    18
Dodge: Dodged            |    21 |     3 ||    24
Block: Kite shield       |     8 |    10 ||    18
